 Dungeon Crawl Stone Soup version 0.21.1-1-g345015f (webtiles) character file.

289136 kae the Executioner (level 20, -8/180 (183) HPs)
             Began as a Hill Orc Fighter on June 17, 2018.
             Was the Champion of Makhleb.
             Killed by divine providence
             ... invoked by an orc priest
             ... led by an orc knight
              (9 damage)
             ... on level 3 of the Vaults.
             The game lasted 00:56:09 (48177 turns).

kae the Executioner (Hill Orc Fighter)             Turns: 48177, Time: 00:56:09

HP:   -8/180 (183)  AC: 25    Str: 28    XL:     20   Next: 71%
MP:   0/34          EV: 16    Int:  8    God:    Makhleb [******]
Gold: 3254          SH:  0    Dex: 10    Spells: 18/19 levels left

rFire    . . .     SeeInvis .   a - +1 executioner's axe (freeze)
rCold    . . .     Gourm    .   (shield currently unavailable)
rNeg     . . .     Faith    .   Z - +4 plate armour {rPois}
rPois    +         Spirit   +   (no helmet)
rElec    .         Reflect  .   G - scarf {repulsion}
rCorr    .         Harm     .   u - +0 pair of gloves {archery}
MR       ++...                  r - +1 pair of boots
Stlth    ..........             J - amulet of guardian spirit
HPRegen  0.40/turn              I - ring of protection from magic
MPRegen  0.24/turn              n - +3 ring of evasion

@: repel missiles
A: no striking features
}: 2/15 runes: decaying, serpentine
a: Minor Destruction, Lesser Servant of Makhleb, Major Destruction, Greater
Servant of Makhleb, Renounce Religion, Convert to Beogh


You were on level 3 of the Vaults.
You worshipped Makhleb.
Makhleb was exalted by your worship.
You were hungry.

You visited 6 branches of the dungeon, and saw 34 of its levels.
You also visited: Ossuary and Ice Cave.

You collected 3730 gold pieces.
You spent 476 gold pieces at shops.

Inventory:

Hand Weapons
 a - a +1 executioner's axe of freezing (weapon)
 b - the +0 hand crossbow "Eweroh" {elec, rElec Dex+3}
   (You found it on level 13 of the Dungeon)

   It charges the ammunition it shoots with electricity; occasionally upon a
   hit, such missiles may discharge and cause terrible harm.
   It affects your dexterity (+3).
   It insulates you from electricity.
 j - a +0 battleaxe of freezing
Armour
 r - a +1 pair of boots (worn)
 u - a +0 pair of gloves of archery (worn)
 G - a scarf of repulsion (worn)
 Z - a +4 plate armour of poison resistance (worn)
Jewellery
 n - a +3 ring of evasion (right hand)
 s - an uncursed ring of positive energy
 w - an uncursed ring of see invisible
 y - an uncursed ring of protection from magic
 C - an uncursed ring of resist corrosion
 I - a ring of protection from magic (left hand)
 J - an amulet of guardian spirit (around neck)
 T - an uncursed ring of protection from cold
Wands
 v - a wand of disintegration (11)
 F - a wand of acid (41)
 H - a wand of paralysis (16)
 M - a wand of flame (167)
 N - a wand of polymorph (46)
 O - a wand of random effects (77)
 P - a wand of digging (14)
 R - a wand of iceblast (23)
 W - a wand of enslavement (12)
Scrolls
 c - 5 scrolls of identify
 e - 16 scrolls of remove curse
 k - 3 scrolls of enchant armour
 l - 3 scrolls of brand weapon
 m - 7 scrolls of fear
 q - 8 scrolls of magic mapping
 t - 10 scrolls of teleportation
 z - 9 scrolls of enchant weapon
 B - 5 scrolls of amnesia
 Q - 3 scrolls of fog
Potions
 d - 9 potions of haste
 g - 3 potions of mutation
 h - 15 potions of curing
 i - 6 potions of lignification
 o - 2 potions of cancellation
 p - 6 potions of brilliance
 x - 3 potions of resistance
 A - a potion of ambrosia
 D - a potion of heal wounds
 E - 4 potions of might
 K - 3 potions of agility
 L - 5 potions of invisibility
 X - 6 potions of flight
Comestibles
 f - 58 rations


   Skills:
 + Level 16.9 Fighting
 * Level 23.8 Axes
 + Level 15.6 Armour
 + Level 12.3 Dodging
   Level 3.2 Shields
 + Level 21.7 Invocations


You had 18 spell levels left.
You knew the following spells:

 Your Spells              Type           Power        Failure   Level  Hunger
a - Infusion              Chrm           #...         94%         1    ##.....


Dungeon Overview and Level Annotations

Branches:
Dungeon (15/15)            Temple (0/1) D:4            Lair (6/6) D:9
  Swamp (4/4) Lair:2        Snake (4/4) Lair:2        Slime (0/5) Lair:5
    Orc (2/2) D:10            Elf (0/3) Orc:2        Vaults (3/5) D:14
 Depths (0/5) D:15
  Crypt: Vaults:2-3

Altars:
Ashenzari
Dithmenos
Fedhas
Gozag
Kikubaaqudgha
Makhleb
Okawaru
Sif Muna
Trog
Uskayaw
Vehumet
Wu Jian
Xom
Yredelemnul
Zin
The Shining One

Shops:
D:4 [:(((   D:5 *   D:6 [   Orc:1 (   Orc:2 :?!*   Snake:1 *

Annotations:
D:12 1 runed door


Message History

The freezing wraith freezes you!!
* * * LOW HITPOINT WARNING * * *
The freezing wraith closely misses you. The yaktaur captain hits you!
* * * LOW HITPOINT WARNING * * *
The vault guard hits you with an enchanted battleaxe!
* * * LOW HITPOINT WARNING * * *
You closely miss the vault warden.
The vault warden is severely wounded.
You hit the ironbrand convoker but do no damage.
You hit the freezing wraith but do no damage.
You slice the yaktaur captain!! You freeze the yaktaur captain!
You closely miss the vault guard. The ironbrand convoker misses you.
The vault warden hits you with a dire flail of holy wrath!!
* * * LOW HITPOINT WARNING * * *
The yaktaur captain shoots a bolt.
The bolt is repelled.
The bolt hits the ironbrand convoker!!!
The ironbrand convoker dies!
The orc priest invokes the aid of Beogh against you.
Beogh smites you!
You die...

.#.## #.#.# ....
##..# .... #.#)#
..... .#.## ...
#.#.# ... .#.##
########+## #.#.#
#.....)pp.#
###'######......@).#
.........#.....W.c.#
...#.###.+.......co#
...##..#.#.........#
.......#.#.###+###.#
...[.†)###.# .#
##...(...#.# .+
.#...)...#.# .+.
.#..##...###


You could see a vault warden, 2 yaktaur captains, a vault guard, a freezing
wraith and an orc priest.

Vanquished Creatures
  Vashnia (Snake:2)
  Saint Roka (Snake:2)
  Jory (Vaults:2)
  Rupert (Lair:3)
  3 thorn hunters
  Kirke (Lair:5)
  9 nagarajas (Snake:4)
  Agnes (Snake:1)
  3 vault wardens
  Louise (Swamp:1)
  A frost giant (IceCv)
  Aizul (Snake:4)
  3 ironheart preservers (Vaults:3)
  4 stone giants
  An entropy weaver (Vaults:3)
  Azrael (D:13)
  2 ettins (D:13)
  A fire dragon (D:15)
  2 rakshasas (Vaults:2)
  A yaktaur captain (Vaults:2)
  2 ice dragons
  A great orb of eyes (Vaults:2)
  15 naga warriors
  10 vault guards
  4 ghost crabs (Swamp:4)
  11 hydras
  4 catoblepae
  6 centaur warriors
  10 anacondas
  4 ogre magi
  2 death knights
  The ghost of kae the Cleaver, a novice HOFi of Qazlal (D:9)
  9 alligators
  A deep troll shaman (Vaults:3)
  A tengu warrior (D:13)
  18 two-headed ogres
  10 death yaks
  16 naga sharpshooters
  A deep troll earth mage (Vaults:3)
  A spriggan berserker (Swamp:2)
  A deep elf knight (Swamp:2)
  The ghost of inc the Bewitcher, a journeyman FeEn of Uskayaw (Orc:2)
  7 shock serpents
  An iron troll (Orc:1)
  11 swamp dragons
  3 unseen horrors
  5 spriggan druids
  7 deep trolls
  3 shambling mangroves
  5 skeletal warriors (Vaults:2)
  3 phantasmal warriors
  A deep elf archer (Vaults:2)
  4 wizards
  3 spectral hydras (Swamp:4)
  6 naga ritualists
  7 ironbrand convokers
  5 orc knights
  8 harpies (Vaults:1)
  2 necromancers
  7 ugly things
  2 wolf spiders
  2 deep elf magi
  7 mana vipers
  4 manticores
  An oklob plant (Lair:1)
  17 cyclopes
  11 salamanders
  16 elephants
  27 naga magi
  4 centaur skeletons
  4 guardian serpents (Snake:3)
  An ice statue (IceCv)
  5 vault sentinels
  23 spiny frogs
  3 gargoyles
  A torpor snail (Lair:3)
  22 black mambas
  5 rime drakes
  An efreet (D:12)
  A komodo dragon (shapeshifter) (Vaults:2)
  7 yaktaurs (Vaults:1)
  4 swamp worm zombies (Swamp:4)
  4 komodo dragons
  6 hydra zombies (Swamp:4)
  A tengu conjurer (D:13)
  3 freezing wraiths
  17 trolls
  A jumping spider (Vaults:3)
  20 polar bears
  Grinder (D:6)
  14 hornets
  12 tyrant leeches
  23 blink frogs
  30 slime creatures
  9 bog bodies
  5 hippogriffs
  A hippogriff (shapeshifter) (Vaults:3)
  2 spectral swamp dragons (Swamp:4)
  3 dream sheep (Lair:3)
  6 alligator zombies (Swamp:4)
  A stone giant simulacrum (Vaults:2)
  A meliai zombie (D:11)
  A fire giant simulacrum (Vaults:2)
  A redback (shapeshifter) (Vaults:1)
  A redback (Vaults:3)
  A centaur simulacrum (D:15)
  18 humans (D:14)
  8 spriggans
  4 wraiths
  3 wyverns
  88 yaks
  2 fire elementals (D:13)
  3 hogs (Lair:5)
  A yaktaur simulacrum (Vaults:2)
  3 basilisks
  4 hungry ghosts
  A steam dragon (D:9)
  Menkaure (D:7)
  19 vampire mosquitoes
  The ghost of RottenKnight the Magician, an amateur DsWz (D:5)
  An acid dragon (D:12)
  9 wargs
  12 insubstantial wisps
  33 nagas
  18 swamp worms
  4 hell hounds
  A soldier ant (D:11)
  9 water moccasins
  7 porcupines
  3 sky beasts
  7 swamp drakes
  22 orc warriors
  7 ice beasts
  A swamp dragon zombie (Swamp:4)
  A black bear (D:7)
  11 phantoms
  2 eyes of draining
  27 wolves
  26 ogres
  24 centaurs
  6 crocodiles
  5 big kobolds
  2 wyvern zombies (D:14)
  17 bullfrogs
  2 scorpions
  4 killer bees (D:9)
  An electric eel (D:10)
  8 howler monkeys
  2 lava snakes (Snake:4)
  6 crimson imps
  2 centaur zombies (Ossuary)
  A quasit (D:11)
  A bullfrog zombie (D:5)
  10 hounds
  16 orc priests
  Crazy Yiuf (D:2)
  4 bullfrog skeletons
  7 human zombies
  10 iguanas
  8 jellies
  23 orc wizards
  3 human skeletons (D:15)
  9 worker ants
  A big kobold zombie (Ossuary)
  An ogre zombie (D:15)
  2 hound skeletons
  4 mummies
  2 worker ant zombies
  3 swamp drake zombies (Swamp:4)
  13 adders
  7 gnolls
  8 shadow imps
  An adder zombie (D:9)
  4 worms
  4 dart slugs
  8 leopard geckos
  71 orcs
  2 ball pythons
  6 giant cockroaches
  7 goblins
  6 hobgoblins
  16 jackals
  5 quokkas
  6 bats
  7 frilled lizards
  9 hobgoblin zombies (Ossuary)
  A jackal skeleton (D:4)
  5 jackal zombies (Ossuary)
  23 kobolds
  7 kobold zombies (Ossuary)
  A leopard gecko skeleton (D:4)
  An orc skeleton (D:15)
  10 orc zombies (Ossuary)
  10 rats
  2 rat zombies (Ossuary)
  7 briar patches
  8 fungi
  6 plants
1391 creatures vanquished.

Vanquished Creatures (collateral kills)
  Jorgrun (Snake:2)
  A vault warden (Vaults:1)
  An ettin (D:13)
  A naga warrior (Snake:4)
  3 hydras
  A centaur warrior (Vaults:1)
  An ogre mage (Vaults:1)
  2 death yaks (Lair:6)
  A salamander mystic (Snake:4)
  3 mana vipers
  A harpy (Vaults:1)
  3 salamanders (Snake:4)
  3 wolf spiders (Vaults:1)
  2 cyclopes (D:13)
  An elephant (Lair:5)
  A vault sentinel (Vaults:1)
  2 black mambas
  A guardian serpent (Snake:2)
  A komodo dragon (Lair:6)
  A yaktaur (Vaults:1)
  A tyrant leech (Swamp:1)
  A wraith (Vaults:1)
  7 yaks
  A human (D:14)
  A naga (Snake:1)
  A warg (Snake:2)
  A swamp worm (Lair:5)
  An insubstantial wisp (Swamp:1)
  A water moccasin (D:10)
  4 ice beasts (Lair:1)
  An orc warrior (Snake:2)
  An ogre (Orc:2)
  A crocodile (Lair:1)
  2 bullfrogs (Lair:1)
  An orc priest (Snake:2)
  An orc (Snake:2)
57 creatures vanquished.

Vanquished Creatures (others)
  A naga warrior (Snake:4)
  An alligator (Swamp:4)
  A spriggan (Swamp:4)
  An unseen horror (D:13)
  A spriggan druid (Swamp:2)
  A swamp dragon (Swamp:4)
  An ironbrand convoker (Vaults:3)
  3 elephants (Lair:5)
  A komodo dragon (Lair:5)
  A hornet (Swamp:4)
  A blink frog (Lair:5)
  A shadow (Swamp:1)
  8 insubstantial wisps (Swamp:4)
  An orc warrior (Orc:2)
  An orc wizard (D:9)
  A briar patch (Swamp:4)
  17 fungi
  5 plants
47 creatures vanquished.

Grand Total: 1495 creatures vanquished

Notes
Turn   | Place    | Note
-------+----------+-------------------------------------------
     0 | D:1      | kae the Hill Orc Fighter began the quest for the Orb.
     0 | D:1      | Reached XP level 1. HP: 19/19 MP: 1/1
    48 | D:1      | Reached skill level 3 in Axes
    62 | D:1      | Reached XP level 2. HP: 16/27 MP: 2/2
   896 | D:2      | Reached XP level 3. HP: 32/33 MP: 3/3
  1003 | D:2      | Found a burning altar of Makhleb.
  1225 | D:2      | Found a runed door.
  1247 | D:2      | Found a glowing golden altar of the Shining One.
  1318 | D:2      | Became a worshipper of Makhleb the Destroyer
  1377 | D:2      | Reached skill level 1 in Dodging
  1429 | D:2      | Noticed Crazy Yiuf
  1436 | D:2      | Killed Crazy Yiuf
  1436 | D:2      | Reached skill level 4 in Axes
  1436 | D:2      | Reached skill level 1 in Invocations
  1436 | D:2      | Reached XP level 4. HP: 3/40 MP: 4/4
  1851 | D:3      | Reached XP level 5. HP: 36/46 MP: 4/6
  1925 | D:3      | Found an ancient bone altar of Kikubaaqudgha.
  2048 | D:3      | Found a deep blue altar of Sif Muna.
  2355 | D:3      | Found an ornate altar of the Wu Jian Council.
  3051 | D:4      | Found Erexkuokh's Weapon Shop.
  3073 | D:4      | Reached * piety under Makhleb
  3073 | D:4      | Reached skill level 5 in Axes
  3221 | D:4      | Reached XP level 6. HP: 48/53 MP: 8/8
  3236 | D:4      | Found a staircase to the Ecumenical Temple.
  3259 | D:4      | Found Heluczu's Weapon Shop.
  3530 | D:4      | Found Yngunosk's Antique Weapon Shop.
  3625 | D:4      | Found Der Vud's Book Shoppe.
  3637 | D:4      | Found Fiocufom's Armour Boutique.
  3852 | D:4      | Found a shattered altar of Ashenzari.
  3854 | D:4      | Found a shimmering altar of Xom.
  3854 | D:4      | Found a shimmering altar of Xom.
  3856 | D:4      | Found an opulent altar of Gozag.
  3856 | D:4      | Found an opulent altar of Gozag.
  3856 | D:4      | Found an iron altar of Okawaru.
  3923 | D:5      | Entered Level 5 of the Dungeon
  3987 | D:5      | Reached XP level 7. HP: 50/60 MP: 7/10
  4012 | D:5      | Reached skill level 5 in Fighting
  4012 | D:5      | Reached skill level 6 in Axes
  4043 | D:5      | Found a sand-covered staircase.
  4086 | D:5      | Noticed RottenKnight's ghost (amateur DsWz)
  4091 | D:5      | Reached skill level 5 in Invocations
  4101 | D:5      | Killed RottenKnight's ghost
  4101 | D:5      | Reached XP level 8. HP: 50/69 MP: 5/12
  4156 | D:5      | Reached ** piety under Makhleb
  4156 | D:5      | Reached skill level 5 in Armour
  4259 | Ossuary  | Entered an ossuary
  4445 | Ossuary  | Reached skill level 7 in Axes
  4534 | Ossuary  | Reached *** piety under Makhleb
  4845 | D:5      | Found Sorhaun's General Store.
  4848 | D:5      | Bought a scroll of identify for 30 gold pieces
  4970 | D:6      | Noticed Grinder
  4983 | D:6      | Killed Grinder
  5107 | D:6      | Reached skill level 8 in Axes
  5118 | D:6      | Found a shadowy altar of Dithmenos.
  5161 | D:6      | Reached XP level 9. HP: 75/75 MP: 12/14
  5467 | D:6      | Found Rioceruq's Antique Armour Shoppe.
  5472 | D:6      | Bought a pair of runed gloves for 150 gold pieces
  5744 | D:6      | Found a glowing silver altar of Zin.
  5881 | D:7      | Reached skill level 9 in Axes
  6004 | D:7      | Reached **** piety under Makhleb
  6140 | D:7      | Reached skill level 10 in Axes
  6150 | D:7      | Reached XP level 10. HP: 55/86 MP: 13/16
  6297 | D:7      | Found a hide-covered altar of Uskayaw.
  6455 | D:7      | Noticed Menkaure
  6468 | D:7      | Killed Menkaure
  7232 | D:8      | Found an iron altar of Okawaru.
  7467 | D:8      | Found a radiant altar of Vehumet.
  7648 | D:8      | Found a shattered altar of Ashenzari.
  7688 | D:8      | Noticed a two-headed ogre
  7698 | D:8      | Killed a two-headed ogre
  7698 | D:8      | Reached skill level 11 in Axes
  7698 | D:8      | Reached skill level 10 in Invocations
  7900 | D:8      | Found a blossoming altar of Fedhas.
  7982 | D:9      | Identified 2 scrolls of acquirement
  8009 | D:9      | Noticed a two-headed ogre
  8016 | D:9      | Killed a two-headed ogre
  8036 | D:9      | Noticed kae's ghost (novice HOFi)
  8241 | D:9      | Killed kae's ghost
  8241 | D:9      | Reached skill level 5 in Dodging
  8241 | D:9      | Reached XP level 11. HP: 77/95 MP: 15/19
  8726 | D:9      | Found a staircase to the Lair.
  8986 | D:9      | Reached skill level 12 in Axes
  9079 | D:9      | Reached ***** piety under Makhleb
  9217 | D:10     | Entered Level 10 of the Dungeon
  9388 | D:10     | Found a staircase to the Orcish Mines.
  9467 | D:10     | Noticed a death yak
  9478 | D:10     | Killed a death yak
  9868 | Lair:1   | Entered Level 1 of the Lair of Beasts
  9953 | Lair:1   | Noticed an oklob plant
  9963 | Lair:1   | Killed an oklob plant
  9965 | Lair:1   | Got a scorched marble ring
  9991 | Lair:1   | Identified the ring "Duxkec" {rF+ MR+ Int+7} (You found it on level 1 of the Lair of Beasts)
 10125 | Lair:1   | Reached skill level 13 in Axes
 10368 | Lair:1   | Reached XP level 12. HP: 102/105 MP: 21/21
 10388 | Lair:1   | Found a frozen archway.
 10397 | IceCv    | Entered an ice cave
 10511 | IceCv    | Noticed a death yak
 10522 | IceCv    | Killed a death yak
 10840 | IceCv    | Reached skill level 14 in Axes
 10947 | IceCv    | Reached skill level 10 in Fighting
 11102 | IceCv    | Noticed a death yak
 11119 | IceCv    | Killed a death yak
 11194 | IceCv    | Noticed a frost giant
 11205 | IceCv    | Killed a frost giant
 11211 | IceCv    | Reached XP level 13. HP: 114/114 MP: 23/23
 12200 | Lair:1   | Paralysed by fainting for 7 turns
 12425 | Lair:2   | Found a staircase to the Swamp.
 12701 | Lair:2   | Found a staircase to the Snake Pit.
 13133 | Lair:3   | Noticed Rupert
 13153 | Lair:3   | HP: 8/171 [Rupert/great sword of slicing (2)]
 13154 | Lair:3   | Killed Rupert
 13154 | Lair:3   | Reached skill level 15 in Axes
 13537 | Lair:3   | Found a bloodstained altar of Trog.
 13598 | Lair:3   | Reached skill level 10 in Armour
 13726 | Lair:3   | Reached ****** piety under Makhleb
 15095 | Lair:4   | Reached skill level 15 in Invocations
 16270 | Lair:5   | Reached skill level 16 in Axes
 16270 | Lair:5   | Reached XP level 14. HP: 108/124 MP: 14/25
 16311 | Lair:5   | Noticed Kirke
 16620 | Lair:5   | Killed Kirke
 16749 | Lair:5   | Found a staircase to the Slime Pits.
 18571 | Lair:6   | Entered Level 6 of the Lair of Beasts
 19069 | Lair:6   | Reached skill level 17 in Axes
 19409 | Lair:6   | Reached XP level 15. HP: 133/133 MP: 27/27
 21480 | D:12     | Noticed an angel
 21480 | D:12     | Found a runed door.
 21481 | D:12     | Found a glowing golden altar of the Shining One.
 22548 | D:13     | Reached skill level 18 in Axes
 22916 | D:13     | Noticed Azrael
 22925 | D:13     | Killed Azrael
 23443 | D:13     | Found the +7 Singing Sword
 23570 | D:13     | Got a faintly glowing hand crossbow
 23727 | D:13     | Identified the cursed +0 hand crossbow "Eweroh" {elec, rElec Dex+3} (You found it on level 13 of the Dungeon)
 24072 | D:14     | Reached XP level 16. HP: 143/143 MP: 29/29
 24298 | D:14     | Found a basalt altar of Yredelemnul.
 24556 | D:14     | Found a gate to the Vaults.
 24746 | D:15     | Entered Level 15 of the Dungeon
 25324 | D:15     | Reached skill level 19 in Axes
 25384 | D:15     | Found a glowing silver altar of Zin.
 25388 | D:15     | Paralysed by a hornet for 3 turns
 25787 | D:15     | Found a staircase to the Depths.
 25925 | D:15     | Found a basalt altar of Yredelemnul.
 26169 | Orc:1    | Entered Level 1 of the Orcish Mines
 26495 | Orc:2    | Entered Level 2 of the Orcish Mines
 26507 | Orc:2    | Noticed inc's ghost (journeyman FeEn)
 26761 | Orc:2    | Killed inc's ghost
 27010 | Orc:1    | Found Umite's Weapon Shoppe.
 27116 | Orc:2    | Found Zuitior's Magic Scroll Boutique.
 27120 | Orc:2    | Bought a scroll of identify for 28 gold pieces
 27120 | Orc:2    | Bought a scroll of identify for 28 gold pieces
 27213 | Orc:2    | Found Puik Hoka's Assorted Antiques.
 27734 | Orc:2    | Found Cixzirorr's Jewellery Shop.
 27739 | Orc:2    | Found Ceoxuto's Distillery.
 27747 | Orc:2    | Bought a scroll of enchant weapon for 240 gold pieces
 27775 | Orc:2    | Found a staircase to the Elven Halls.
 27805 | Orc:2    | Found Doki's Book Shop.
 28361 | Snake:1  | Entered Level 1 of the Snake Pit
 28361 | Snake:1  | Found Hilar's Assorted Antiques.
 28475 | Snake:1  | Reached XP level 17. HP: 139/151 MP: 30/30
 28584 | Snake:1  | Found an iron altar of Okawaru.
 28601 | Snake:1  | Noticed Agnes
 28612 | Snake:1  | Killed Agnes
 28985 | Snake:1  | Reached skill level 10 in Dodging
 29790 | Snake:2  | Noticed Saint Roka
 29799 | Snake:2  | Reached skill level 20 in Axes
 29812 | Snake:2  | Killed Saint Roka
 30250 | Snake:2  | Noticed Vashnia
 30697 | Snake:2  | Killed Vashnia
 31215 | Snake:2  | Noticed Jorgrun
 32179 | Snake:2  | Killed Jorgrun
 33091 | Snake:3  | Found a shimmering altar of Xom.
 33718 | Snake:4  | Entered Level 4 of the Snake Pit
 34103 | Snake:4  | Reached XP level 18. HP: 143/161 MP: 25/32
 34623 | Snake:4  | Reached skill level 21 in Axes
 35073 | Snake:4  | Reached skill level 15 in Fighting
 36721 | Snake:4  | Noticed Aizul
 37257 | Snake:4  | Killed Aizul
 38338 | Snake:4  | Got a serpentine rune of Zot
 38620 | Swamp:1  | Entered Level 1 of the Swamp
 38656 | Swamp:1  | Noticed Louise
 38690 | Swamp:1  | Killed Louise
 39411 | Swamp:1  | Reached skill level 22 in Axes
 39473 | Swamp:2  | Reached XP level 19. HP: 164/171 MP: 28/33
 39474 | Swamp:2  | Paralysed by a hornet for 2 turns
 41058 | Swamp:2  | Learned a level 1 spell: Infusion
 41716 | Swamp:4  | Entered Level 4 of the Swamp
 42614 | Swamp:4  | Reached skill level 15 in Armour
 43328 | Swamp:4  | Got a decaying rune of Zot
 44143 | Vaults:1 | Entered Level 1 of the Vaults
 44439 | Vaults:1 | Reached skill level 23 in Axes
 44800 | Vaults:1 | Reached XP level 20. HP: 179/179 MP: 34/34
 45878 | Vaults:2 | Noticed Jory
 45900 | Vaults:2 | Killed Jory
 48177 | Vaults:3 | HP: 1/180 [vault warden/dire flail of holy wrath (24)]
 48177 | Vaults:3 | Killed from afar by an orc priest

Skill      XL: |  1  2  3  4  5  6  7  8  9 10 11 12 13 14 15 16 17 18 19 20 |
---------------+-------------------------------------------------------------+-----
Axes           | 3 4 5 6 8 10 11 13 14 16 17 18 19 20 22 23 | 23.8
Fighting       | 4 5 6 7 8 9 10 11 12 13 14 15 16 | 16.9
Dodging        | 1 2 3 4 5 6 7 8 9 10 11 12 | 12.3
Invocations    | 1 2 4 5 7 9 11 12 14 15 16 18 19 20 21 | 21.7
Armour         | 4 5 6 7 8 9 10 11 12 13 14 15 | 15.6
Shields        | |  3.2

Action                   |  1- 3 |  4- 6 |  7- 9 | 10-12 | 13-15 | 16-18 | 19-21 || total
-------------------------+-------+-------+-------+-------+-------+-------+-------++-------
Melee: War axe           |   140 |   172 |   363 |    77 |       |       |       ||   752
       Battleaxe         |       |       |       |    44 |       |       |       ||    44
       Executioner's axe |       |       |       |   450 |   911 |  1335 |  1009 ||  3705
       Unarmed           |       |       |       |       |     6 |       |       ||     6
Invok: Lesser Servant of |       |       |       |     3 |    14 |    17 |     2 ||    36
       Minor Destruction |       |       |       |       |    31 |    25 |    11 ||    67
       Greater Servant o |       |       |       |       |     1 |     6 |     1 ||     8
       Major Destruction |       |       |       |       |     1 |       |       ||     1
  Use: Scroll            |       |    14 |     4 |     7 |    15 |     8 |     7 ||    55
       Potion            |       |       |     2 |     3 |     4 |     4 |     3 ||    16
 Stab: Distracted        |       |       |       |     1 |     6 |     5 |       ||    12
       Confused          |       |       |       |       |       |       |     1 ||     1
  Eat: Chunk             |     2 |     8 |     7 |    18 |    32 |    26 |    16 ||   109
       Ration            |       |       |     2 |     1 |     3 |     7 |     4 ||    17
Armor: Scale mail        |    54 |    77 |   123 |   255 |   385 |       |       ||   894
       Skin              |       |       |     3 |    16 |    28 |       |       ||    47
       Plate armour      |       |       |       |       |    28 |   858 |   713 ||  1599
Dodge: Dodged            |    49 |    49 |   152 |   601 |   976 |  1107 |   781 ||  3715
       Deflected         |       |       |       |       |    27 |   192 |    40 ||   259
Block: Shield            |    83 |    76 |   152 |    40 |       |       |       ||   351
